 Dungeon Crawl Stone Soup version 0.30-a0-210-g01b79a254e (webtiles) character file.

Game seed: 18311371989322694918

1291 ryw the Basher (level 8, -12/67 HPs)
             Began as a Demigod Fighter on Oct 4, 2022.
             Killed from afar by a steam dragon (22 damage)
             ... with a ball of steam
             ... on level 6 of the Dungeon.
             The game lasted 00:06:53 (5431 turns).

ryw the Basher (Demigod Fighter)                    Turns: 5431, Time: 00:06:54

Health: -12/67     AC:  8    Str: 25    XL:     8   Next: 9%
Magic:  10/10      EV:  9    Int: 10    God:
Gold:   248        SH:  4    Dex: 13    Spells: 7/7 levels left

rFire   . . .      SeeInvis .    d - +4 flail
rCold   . . .      Faith    .    c - +0 buckler
rNeg    . . .      Spirit   .    b - +0 scale mail
rPois   .          Reflect  .    q - +0 helmet
rElec   .          Harm     .    (no cloak)
rCorr   .          Rampage  .    (no gloves)
Will    .....                    u - +0 pair of boots
Stlth   ..........               (no amulet)
HPRegen 0.31/turn                (no ring)
MPRegen 0.12/turn                (no ring)

@: no status effects
A: high MP 1, forlorn, divine attributes
a: no special abilities


You were on level 6 of the Dungeon.
You visited 1 branch of the dungeon, and saw 6 of its levels.

You collected 248 gold pieces.

Inventory:

Hand Weapons
 a - a +0 long sword
 d - a +4 flail (weapon)
Armour
 b - a +0 scale mail (worn)
 c - a +0 buckler (worn)
 q - a +0 helmet (worn)
 u - a +0 pair of boots (worn)
Magical Staves
 k - a staff of poison
Jewellery
 f - the ring "Vellao Madu" {Ice SInv}
   (You found it on level 3 of the Dungeon)

   [ring of ice]

   It enhances your ice magic.
   rF:        It makes you vulnerable to fire.
   rC:        It protects you from cold.
   SInv:      It lets you see invisible.
 h - a ring of wizardry
Wands
 r - a wand of roots (6)
 v - a wand of mindburst (16)
Scrolls
 e - 4 scrolls of identify {unknown}
 g - 2 scrolls of teleportation {unknown}
 l - a scroll of butterflies {unknown}
 m - a scroll of noise {unknown}
 t - a scroll of enchant weapon {unknown}
 w - a scroll of immolation {unknown}
Potions
 i - 2 potions of invisibility {unknown}
 j - 2 potions of heal wounds {unknown}
 n - a potion of haste {unknown}
 o - a potion of curing
 p - a potion of brilliance {unknown}
 s - a potion of ambrosia


   Skills:
 - Level 4.8 Fighting
 - Level 1.7 Long Blades
 + Level 8.2 Maces & Flails
 - Level 2.6 Armour
 - Level 2.6 Shields


You had 7 spell levels left.
You didn't know any spells.
Your spell library contained the following spells:

 Spells                   Type           Power      Damage    Failure   Level
 Shock                    Conj/Air       0%         1d3       77%         1
 Blink                    Tloc           0%         N/A       88%         2
 Momentum Strike          Conj/Tloc      0%         3d8       88%         2
 Lesser Beckoning         Tloc           0%         N/A       98%         3
 Olgreb's Toxic Radiance  Pois           0%         N/A       100%        4
 Summon Lightning Spire   Summ/Air       0%         N/A       100%        4
 Lightning Bolt           Conj/Air       0%         1d11      100%        5


Dungeon Overview and Level Annotations

Branches:
Dungeon (6/15)
 Temple: D:4-7

Shops:
D:3 !   D:4 =


Innate Abilities, Weirdness & Mutations

You have an increased reservoir of magic. (+10% MP)
You shall have no god before yourself.
Your divine heritage dramatically boosts your attributes as you level up.


Message History

The ball of steam misses you.
You hear an angry hiss.
You hear a shout!
The steam dragon bites you!
The steam dragon claws you but does no damage.
You hit the steam dragon.
The steam dragon is lightly wounded.
The steam dragon breathes steam at you. The ball of steam hits you!!
You closely miss the steam dragon.
The steam dragon is lightly wounded.
You are engulfed in a cloud of scalding steam.
The steam dragon bites you.
* * * LOW HITPOINT WARNING * * *
The steam dragon claws you.
* * * LOW HITPOINT WARNING * * *
An adder comes into view.
The steam dragon bites you but does no damage.
The steam dragon barely misses you.
You sock the steam dragon!
The steam dragon is severely wounded.
The steam dragon bites you!
* * * LOW HITPOINT WARNING * * *
The steam dragon claws you but does no damage.
You closely miss the steam dragon.
The steam dragon is severely wounded.
The steam dragon bites you.
* * * LOW HITPOINT WARNING * * *
The steam dragon claws you but does no damage.
You barely miss the steam dragon.
The steam dragon is severely wounded.
The steam dragon barely misses you. The steam dragon closely misses you.
Unknown command.
You sock the adder!
The adder is almost dead.
The adder closely misses you. The steam dragon breathes steam at you.
The ball of steam hits the adder!
The adder dies!
The ball of steam hits you!!
You die...

#...#....#.#..... #...
.....#...## #..#####....D.... #.#
#..e......>#.#.## #.#
#)########.# §§. #.# . #.#
#####.###§# #.# .. #.#
#....D..#.# #.#
...####.####.###§#...## #.#
...'..#....#.# #@######.###.#####
...##)#..#.#.###...<..#.........#
.. #.#.)#..........#.####.####.#
#####.#..###.###....#'####.# #.#
#.....#....#.###.#.........# #.#
#.##.....#.#.#...#.........# #.#
#.##.#####.#.#...'.........# #.#
#.##.......#.#...#.........# #.#
#.##########.#...#.........# #.#


You could see a steam dragon (catching breath).

Vanquished Creatures
  Sigmund (D:2)
  Duvessa (D:6)
  2 ogres (D:5)
  A phantom (D:4)
  3 scorpions
  Dowan (D:5)
  A howler monkey (D:5)
  An orc priest (D:5)
  2 jellies (D:5)
  2 hounds
  4 iguanas
  Terence (D:2)
  An orc wizard (D:4)
  Natasha (thrice) (D:4)
  2 adders
  3 gnolls (D:2)
  A shadow imp (D:5)
  A white imp (D:4)
  2 worms
  3 dart slugs
  12 orcs
  6 ball pythons
  5 bats (D:2)
  4 endoplasms
  3 giant cockroaches
  3 hobgoblins
  4 jackals (D:2)
  7 kobolds
  4 quokkas
  3 frilled lizards
  2 goblins
  5 rats
94 creatures vanquished.

Vanquished Creatures (others)
  An adder (D:6)
  4 withered plants (D:4)
5 creatures vanquished.

Grand Total: 99 creatures vanquished

Notes
Turn   | Place    | Note
-------+----------+-------------------------------------------
     0 | D:1      | ryw the Demigod Fighter began the quest for the Orb.
     0 | D:1      | Reached XP level 1. HP: 18/18 MP: 3/3
   227 | D:1      | Got the Almanac of the Tainted Sky
   240 | D:1      | Reached XP level 2. HP: 23/26 MP: 4/4
   729 | D:2      | Noticed Sigmund
   880 | D:2      | Reached XP level 3. HP: 28/33 MP: 5/5
  1059 | D:2      | Noticed Terence
  1069 | D:2      | Killed Terence
  1070 | D:2      | Reached XP level 4. HP: 3/41 MP: 6/6
  1250 | D:2      | Killed Sigmund
  1251 | D:2      | Reached skill level 3 in Maces & Flails
  1251 | D:2      | Reached XP level 5. HP: 47/47 MP: 7/7
  2782 | D:3      | Identified the ring "Vellao Madu" {Ice SInv}
  3000 | D:3      | Found Sihooxoa's Distillery.
  3213 | D:4      | Found Etwostri's One-of-a-Kind Rings.
  3318 | D:4      | Reached skill level 4 in Maces & Flails
  3318 | D:4      | Reached XP level 6. HP: 54/55 MP: 8/8
  3325 | D:4      | Noticed Natasha
  3328 | D:4      | Killed Natasha
  3474 | D:4      | Reached skill level 5 in Maces & Flails
  3641 | D:4      | Noticed Natasha
  3647 | D:4      | Killed Natasha
  3966 | D:4      | Noticed Natasha
  3973 | D:4      | Killed Natasha
  4186 | D:5      | Entered Level 5 of the Dungeon
  4212 | D:5      | Reached skill level 6 in Maces & Flails
  4212 | D:5      | Reached XP level 7. HP: 57/60 MP: 9/9
  4603 | D:5      | Reached skill level 7 in Maces & Flails
  5063 | D:6      | Noticed Duvessa
  5074 | D:6      | Killed Duvessa
  5134 | D:6      | Noticed Dowan
  5187 | D:5      | Killed Dowan
  5188 | D:5      | Reached skill level 8 in Maces & Flails
  5188 | D:5      | Reached XP level 8. HP: 54/67 MP: 10/10
  5431 | D:6      | Killed from afar by a steam dragon

Illustrated notes

Levels and vault maps discovered:
D:1:      giann_horns, layout_basic, shapermc_ecumenical_altar_starsandcircs
D:2:      layout_basic, uniq_sigmund, uniq_terence
D:3:      layout_basic, serial_shops, shop, minivault_26
D:4:      layout_cave_pods, kiku_gazebo_garden_becter,
          nicolae_qazlal_general_emergency, nicolae_ashenzari_panopticon,
          chequers_serial_rivers_small_3, nicolae_shop_unique_rings,
          uniq_natasha
D:5:      layout_basic, good_gods_temple_1, tgw_xom,
          pdpol_wu_jian_five_deadly_venoms
D:6:      layout_basic, uniq_duvessa

Skill      XL: |  1  2  3  4  5  6  7 |
---------------+----------------------+-----
Fighting       | 3 4 |  4.8
Maces & Flails | 3 4 6 8 |  8.2
Long Blades    | |  1.7
Armour         | |  2.6
Shields        | |  2.6

Action                   |  1- 3 |  4- 6 |  7- 9 || total
-------------------------+-------+-------+-------++-------
Melee: Long sword        |   112 |       |       ||   112
       Flail             |       |   130 |    76 ||   206
  Use: Potion            |     1 |     6 |       ||     7
Armor: Scale mail        |    51 |    48 |    29 ||   128
       Skin              |       |     4 |       ||     4
Dodge: Dodged            |    38 |    56 |    32 ||   126
Block: Buckler           |    26 |    18 |    12 ||    56

Table legend: (Time is in decaauts)
 A = Elapsed time spent in this place.
 B = Non-inter-level travel time spent in this place.
 C = Inter-level travel time spent in this place.
 D = Time resting spent in this place.
 E = Time spent auto-exploring this place.
 F = Levels seen in this place.
 G = Mean time per level.
                   A        B        C        D        E       F      G
               +--------+--------+--------+--------+--------+-----+--------+
         Total |   5504 |   5326 |    178 |    636 |   3807 |   6 |  917.3 |
       Dungeon |   5504 |   5326 |    178 |    636 |   3807 |   6 |  917.3 |
               +--------+--------+--------+--------+--------+-----+--------+

Top non-repeatable levels by time:
     D:2: 1684 daAuts
     D:5: 985 daAuts
     D:4: 985 daAuts
     D:3: 796 daAuts
     D:1: 790 daAuts
     D:6: 262 daAuts
